 Dungeon Crawl Stone Soup version 0.24.1-8-ga250c9d538 (webtiles) character file.

Game seed: 12233285525188187995, levelgen mode: deterministic

133 Hugehornet the Changer (level 5, 0/33 HPs)
             Began as an Octopode Transmuter on May 3, 2020.
             Killed by divine providence
             ... invoked by an orc priest
              (10 damage)
             ... on level 3 of the Dungeon.
             The game lasted 00:04:30 (2667 turns).

Hugehornet the Changer (Octopode Transmuter)        Turns: 2667, Time: 00:04:31

Health: 0/33       AC:  2    Str: 10    XL:     5   Next: 16%
Magic:  4/8        EV: 19    Int: 16    God:
Gold:   86         SH:  0    Dex: 17    Spells: 2/8 levels left

rFire    . . .     SeeInvis .     - Unarmed
rCold    . . .     Gourm    .   (shield currently unavailable)
rNeg     . . .     Faith    .   (helmet currently unavailable)
rPois    x         Spirit   .   (no amulet)
rElec    .         Reflect  .   (no ring)
rCorr    .         Harm     .   (no ring)
MR       .....                  (no ring)
Stlth    ++........             (no ring)
HPRegen  0.11/turn              (no ring)
MPRegen  0.11/turn              (no ring)
                                (no ring)
                                (no ring)

@: spider-form
A: tiny, almost no armour, stealthy swim, (amphibious), 8 rings, (constrict 8)
a: End Transformation


You were on level 3 of the Dungeon.
You were not hungry.
You were a venomous arachnid creature.
You visited 1 branch of the dungeon, and saw 3 of its levels.

You collected 86 gold pieces.

Inventory:

Missiles
 a - 91 arrows
Scrolls
 b - a scroll of enchant weapon {unknown}
 d - 4 scrolls of remove curse {unknown}
 e - a scroll of enchant armour {unknown}
 f - 4 scrolls of identify {unknown}
 h - 2 scrolls of teleportation {unknown}
 m - a scroll of amnesia {unknown}
Potions
 g - a potion of berserk rage {unknown}
 i - a potion of curing {unknown}
 j - 2 potions of mutation {unknown}
 k - a potion of lignification {unknown}
 l - a potion of degeneration {unknown}
 o - a potion of flight {unknown}
Comestibles
 c - 3 rations
 n - a chunk of flesh


   Skills:
 - Level 1.0 Fighting
 - Level 2.0 Dodging
 * Level 3.7 Unarmed Combat
 - Level 2.0 Spellcasting
 * Level 4.4 Transmutations
 + Level 1.3 Poison Magic


You had 2 spell levels left.
You knew the following spells:

 Your Spells              Type           Power        Failure   Level  Hunger
a - Beastly Appendage     Tmut           ###...       11%         1    #......
b - Sticks to Snakes      Tmut           ###.....     14%         2    ###....
c - Spider Form           Tmut/Pois      ##........   38%         3    ###....

Your spell library contained the following spells:

 Spells                   Type           Power        Failure   Level  Hunger
 Ice Form                 Ice/Tmut       #.......     82%         4    #####..
 Blade Hands              Tmut           ###.......   85%         5    ######.


Dungeon Overview and Level Annotations

Branches:
Dungeon (3/15)

Altars:
Nemelex Xobeh


Innate Abilities, Weirdness & Mutations

You cannot wear most types of armour.
You are very stealthy in the water. (Stealth+)
((You are amphibious.))
You can wear up to eight rings at the same time.
((You can use your tentacles to constrict eight enemies at once.))
((Your skin changes colour to match your surroundings (Stealth+).))
((Your rubbery body absorbs attacks. (AC +1, EV +1)))


Message History

An orc is nearby!
Casting: Beastly Appendage (safe; 3% risk of failure)
Confirm with . or Enter, or press ? or * to list all spells.
You fail to extend your transformation any further.
The orc shouts!
An orc comes into view. It is wielding a +0 mace.
An orc priest comes into view. It is wielding a +0 club.
The orc priest invokes the aid of Beogh against you.
Beogh smites you! The orc hits you.
You are too injured to fight recklessly!
You are too injured to fight recklessly!
You are too injured to fight recklessly!
Casting: Beastly Appendage (safe; 3% risk of failure)
Confirm with . or Enter, or press ? or * to list all spells.
Your tentacle spike disappears.
You turn into a venomous arachnid creature.
The orc shouts!
You hear a shout!
The orc priest calls down the wrath of Beogh upon you.
Beogh smites you!
You die...

.. #. #o####### #.......
#.....# #o....# ##########
#.o...# ...>.....# #.s...#
.........# #.....#
.........# ##+#.....#
.........# #.....†..##
.........# #...###...#
.....÷...# #... ###.#######
.....<...# #...#####.##....#
.........#######.....##....#
..........# #.#...##....#


You could see an orc priest and 2 orcs.

Vanquished Creatures
  A gnoll (D:2)
  2 adders (D:2)
  3 oozes
  3 worms
  A dart slug (D:1)
  4 leopard geckos
  An orc (D:2)
  3 giant cockroaches (D:2)
  8 hobgoblins
  8 jackals
  2 quokkas
  3 ball pythons
  8 bats
  2 frilled lizards (D:1)
  8 goblins
  8 kobolds
  10 rats
75 creatures vanquished.

Notes
Turn   | Place    | Note
-------+----------+-------------------------------------------
     0 | D:1      | Hugehornet the Octopode Transmuter began the quest for the
                  | Orb.
     0 | D:1      | Reached XP level 1. HP: 13/13 MP: 3/3
     6 | D:1      | Noticed a worker ant
     6 | D:1      | Noticed a black bear
     6 | D:1      | Noticed a swamp worm
     8 | D:1      | Noticed a komodo dragon
     8 | D:1      | Noticed a rime drake
   521 | D:1      | Reached XP level 2. HP: 18/18 MP: 3/5
   549 | D:1      | Reached skill level 3 in Transmutations
   630 | D:1      | Learned a level 2 spell: Sticks to Snakes
   640 | D:1      | Reached XP level 3. HP: 18/23 MP: 3/6
  1261 | D:2      | Learned a level 3 spell: Spider Form
  1314 | D:2      | Reached skill level 4 in Transmutations
  1530 | D:2      | Reached XP level 4. HP: 26/28 MP: 3/7
  1992 | D:2      | Found a sparkling altar of Nemelex Xobeh.
  1998 | D:2      | Reached skill level 1 in Poison Magic
  2483 | D:3      | Reached XP level 5. HP: 32/33 MP: 5/8
  2667 | D:3      | Killed from afar by an orc priest

Levels and vault maps discovered:
D:1:      onia_arrival_zoo_common, layout_rooms
D:2:      layout_rooms, chequers_serial_rivers_micro_c, st_stairs_4,
          nemelex_dance_club_becter
D:3:      layout_basic, grunt_qazlal_sundering, minivault_23

Skill      XL: |  1  2  3  4 |
---------------+-------------+-----
Transmutations | 3 4 |  4.4
Poison Magic   | 1 |  1.3
Fighting       | |  1.0
Dodging        | |  2.0
Unarmed Combat | |  3.7
Spellcasting   | |  2.0

Action                   |  1- 3 |  4- 6 || total
-------------------------+-------+-------++-------
Melee: Unarmed           |    87 |    76 ||   163
       Constrict         |    21 |    26 ||    47
       Tentacles         |    14 |    13 ||    27
       Kick              |    15 |    23 ||    38
       Punch             |     2 |       ||     2
 Cast: Beastly Appendage |    19 |    21 ||    40
       Spider Form       |     2 |     1 ||     3
  Use: Scroll            |     1 |       ||     1
 Stab: Sleeping          |     1 |       ||     1
  Eat: Chunk             |     2 |     5 ||     7
Armor: Skin              |     5 |     1 ||     6
Dodge: Dodged            |    74 |    51 ||   125
